 Dungeon Crawl Stone Soup version 0.28-a0-664-gc179e30c89 (webtiles) character file.

Game seed: 5643174388241415263

17 andesha the Skirmisher (level 2, 0/27 HPs)
             Began as a Minotaur Berserker on Oct 16, 2021.
             Was a Follower of Trog.
             Slain by a quokka (2 damage)
             ... on level 1 of the Dungeon.
             The game lasted 00:01:29 (268 turns).

andesha the Skirmisher (Minotaur Berserker)          Turns: 268, Time: 00:01:30

Health: 0/27       AC:  2    Str: 21    XL:     2   Next: 44%
Magic:  1/1        EV: 12    Int:  4    God:    Trog [*.....]
Gold:   4          SH:  0    Dex:  9    Spells: 1/1 levels left

rFire   . . .      SeeInvis .   a - +0 mace
rCold   . . .      Faith    .   (no shield)
rNeg    . . .      Spirit   .   b - +0 animal skin
rPois   .          Reflect  .   (helmet restricted)
rElec   .          Harm     .   (no cloak)
rCorr   .          Rampage  .   (no gloves)
Will    .....                   (no boots)
Stlth   +.........              (no amulet)
HPRegen 0.09/turn               (no ring)
MPRegen 0.07/turn               (no ring)

@: no status effects
A: horns 2, retaliatory headbutt
a: Renounce Religion, Berserk


You were on level 1 of the Dungeon.
You worshipped Trog.
Trog was aware of your devotion.
You visited 1 branch of the dungeon, and saw 1 of its levels.

You collected 4 gold pieces.

Inventory:

Hand Weapons
 a - a +0 mace (weapon)
Armour
 b - a +0 animal skin (worn)


   Skills:
 * Level 4.1 Fighting
 + Level 4.0 Maces & Flails
 + Level 2.5 Armour
 + Level 2.3 Dodging


You had one spell level left.
You didn't know any spells.
Your spell library was empty.

Dungeon Overview and Level Annotations

Branches:
Dungeon (1/15)

Altars:


Innate Abilities, Weirdness & Mutations

You have a pair of horns on your head.
You reflexively headbutt those who attack you in melee.


Message History

Aim: a jackal (heavily wounded, about 47% to evade your +0 mace)
You closely miss the jackal.
The jackal is heavily wounded.
You recover from your berserk rage.
The jackal closely misses you. The jackal barely misses you.
The quokka bites you but does no damage.
The jackal bites you.
The dart slug bites you but does no damage.
You fail to use your ability.
The jackal barks!
You hear a shout!
The jackal closely misses you. x2
The quokka twitches its whiskers.
The quokka bites you.
* * * LOW HITPOINT WARNING * * *
The jackal barely misses you. You furiously retaliate!
You headbutt the jackal, but do no damage.
The dart slug barely misses you.
Hit: a) +0 mace
Press: ? - help, Dir - move target, f/p - jackal
Aim: a jackal (heavily wounded, about 47% to evade your +0 mace)
You closely miss the jackal. Your headbutt misses the jackal.
The jackal is heavily wounded.
The jackal completely misses you. The quokka bites you.
* * * LOW HITPOINT WARNING * * *
The jackal misses you. The jackal completely misses you.
You furiously retaliate!
You headbutt the jackal!
You kill the jackal!
Trog accepts your kill. The jackal closely misses you. You furiously retaliate!
You headbutt the jackal. The quokka bites you.
* * * LOW HITPOINT WARNING * * *
The dart slug misses you.
Hit: a) +0 mace
Press: ? - help, Dir - move target, f/p - jackal
Aim: a jackal (heavily wounded, about 47% to evade your +0 mace)
You hit the jackal.
The jackal is severely wounded.
The jackal barely misses you. The jackal completely misses you.
The quokka bites you.
You die...

. .# ⌠. .# ...
.## _.h.
###..####
.....##........
⌠.8hh..........
#........
#h†......
#@hw..>..
#rw......
#........
#........
#........
#########


You could see 2 dart slugs, a quokka and 2 jackals.

Vanquished Creatures
  A gnoll (D:1)
  2 endoplasms (D:1)
  A goblin (D:1)
  A jackal (D:1)
  3 ball pythons (D:1)
8 creatures vanquished.

Notes
Turn   | Place    | Note
-------+----------+-------------------------------------------
     0 | D:1      | andesha the Minotaur Berserker began the quest for the Orb.
     0 | D:1      | Reached XP level 1. HP: 19/19 MP: 0/0
    38 | D:1      | Reached XP level 2. HP: 16/27 MP: 1/1
   259 | D:1      | Found a faded altar of an unknown god.
   268 | D:1      | Slain by a quokka

Illustrated notes

Levels and vault maps discovered:
D:1:      amcnicky_arrival_abandoned_market, layout_rooms,
          hellmonk_ecumenical_altar_dog_temple

Skill      XL: |  1  2 |
---------------+-------+-----
Fighting       | 4 |  4.1
Maces & Flails | 4 |  4.0
Armour         | |  2.5
Dodging        | |  2.3

Action                   || total
-------------------------++-------
Melee: Mace              ||    21
       Headbutt          ||     2
Invok: Berserk           ||     1
  Use: Scroll            ||     1
Armor: Animal skin       ||     6
Dodge: Dodged            ||    28

Table legend: (Time is in decaauts)
 A = Elapsed time spent in this place.
 B = Non-inter-level travel time spent in this place.
 C = Inter-level travel time spent in this place.
 D = Time resting spent in this place.
 E = Time spent auto-exploring this place.
 F = Levels seen in this place.
 G = Mean time per level.
                   A        B        C        D        E       F      G
               +--------+--------+--------+--------+--------+-----+--------+
         Total |    282 |    282 |      0 |     42 |    183 |   1 |  282.0 |
       Dungeon |    282 |    282 |      0 |     42 |    183 |   1 |  282.0 |
               +--------+--------+--------+--------+--------+-----+--------+

Top non-repeatable levels by time:
     D:1: 282 daAuts
